 Dungeon Crawl Stone Soup version 0.27.1-1-g398f81649c (webtiles) character file.

Game seed: 5156550539538941201

622489 speeev33 the Axe Maniac (level 27, -8/273 HPs)
             Began as a Hill Orc Fighter on Sept 6, 2021.
             Was the Champion of Okawaru.
             Killed from afar by a hellephant (31 damage)
             ... with a blast of flame
             ... on level 2 of the Realm of Zot.
             The game lasted 03:53:21 (75990 turns).

speeev33 the Axe Maniac (Hill Orc Fighter)         Turns: 75990, Time: 03:53:22

Health: -8/273     AC: 18    Str: 26 (30) XL:     27
Magic:  29/29      EV: 12    Int:  4 (8)  God:    Okawaru [******]
Gold:   10364      SH:  0    Dex:  8 (10) Spells: 26/26 levels left

rFire    + + .     SeeInvis .   (weapon currently unavailable)
rCold    + + .     Faith    .   (shield currently unavailable)
rNeg     + + +     Spirit   .   (armour currently unavailable)
rPois    ∞         Reflect  .   (helmet currently unavailable)
rElec    +         Harm     .   (cloak currently unavailable)
rCorr    +         Rampage  .   (gloves currently unavailable)
Will     ++...                  (boots currently unavailable)
Stlth    +.........             (amulet currently unavailable)
HPRegen  0.55/turn              (ring currently unavailable)
MPRegen  0.21/turn              (ring currently unavailable)

@: wisp-form, vertiginous, flying, studying 2 skills
A: insubstial, flying, no casting, tiny, passive freeze, weak 1
}: 3/15 runes: decaying, silver, gossamer
a: Renounce Religion, Heroism, Finesse


You were on level 2 of the Realm of Zot.
You worshipped Okawaru.
Okawaru was exalted by your worship.
You were an insubstantial wisp.
You visited 10 branches of the dungeon, and saw 47 of its levels.
You also visited: Ice Cave and Wizlab.

You collected 11719 gold pieces.
You spent 1355 gold pieces at shops.

Inventory:

Hand Weapons
 a - the +11 broad axe "Hydraslayer" (melded) {freeze, rC+}
   (Okawaru gifted it to you on level 4 of the Lair of Beasts)

   It freezes those it strikes, dealing additional cold damage.
   It can also slow down cold-blooded creatures.
   rC:        It protects you from cold.
Missiles
 y - a throwing net (quivered)
Armour
 c - the +2 hat of Hatar (melded) {rN+ Str+2 Dex+3}
   (Okawaru gifted it to you on level 3 of the Swamp)

   Str:       It affects your strength (+2).
   Dex:       It affects your dexterity (+3).
   rN:        It protects you from negative energy.
 g - a +8 tower shield of cold resistance (melded)
 u - the +0 cloak of Tefuirph (melded) {Drain rElec MP+9 SInv}
   (You found it on level 5 of the Vaults)

   rElec:     It insulates you from electricity.
   MP:        It affects your magic capacity (+9).
   SInv:      It lets you see invisible.
   Drain:     It drains your maximum health when unequipped.
 w - the +10 plate armour "Zirone" (melded) {Fly rPois Will++ Dex-3}
   (You acquired it on level 5 of the Dungeon)

   Dex:       It affects your dexterity (-3).
   rPois:     It protects you from poison.
   Fly:       It grants you flight.
   Will:      It greatly increases your willpower.
 N - a +2 pair of boots (melded)
 P - the +0 pair of gloves "Qoritt" (melded) {Will+ Int+7 Slay+3}
   (You found it in an ice cave)

   Int:       It affects your intelligence (+7).
   Slay:      It affects your accuracy & damage with ranged weapons and melee
   (+3).
   Will:      It increases your willpower.
Jewellery
 d - a ring of poison resistance
 l - an amulet of reflection (melded)
 r - a ring of willpower
 G - a +4 ring of evasion
 I - the ring "Wacoru" (melded) {Fire rN+ Int+2 Dex+4 SInv}
   (You took it off a deep elf death mage on level 3 of the Elven Halls)

   [ring of fire]

   It enhances your fire magic.
   Int:       It affects your intelligence (+2).
   Dex:       It affects your dexterity (+4).
   rF:        It protects you from fire.
   rC:        It makes you vulnerable to cold.
   rN:        It protects you from negative energy.
   SInv:      It lets you see invisible.
 X - a +4 ring of slaying
 Y - the ring "Huaren" (melded) {+Blink Will+}
   (You found it in a wizard's laboratory)

   [ring of willpower]

   +Blink:    It lets you blink.
   Will:      It increases your willpower.
Wands
 m - a wand of mindburst (26)
 q - a wand of digging (19)
 s - a wand of flame (186)
 z - a wand of iceblast (67)
 R - a wand of paralysis (32)
 S - a wand of polymorph (21)
 V - a wand of acid (58)
 W - a wand of charming (24)
Scrolls
 b - 5 scrolls of blinking
 i - 12 scrolls of fog
 t - 5 scrolls of magic mapping
 v - 7 scrolls of enchant armour
 x - 3 scrolls of holy word
 A - 12 scrolls of enchant weapon
 B - 25 scrolls of identify
 D - 18 scrolls of teleportation
 F - 7 scrolls of amnesia
 K - 8 scrolls of fear
 M - 3 scrolls of silence
 Q - a scroll of brand weapon
 Z - 3 scrolls of summoning
Potions
 e - a potion of cancellation
 f - a potion of invisibility
 j - 6 potions of might
 k - 11 potions of lignification
 n - 11 potions of flight
 o - 24 potions of curing
 p - 12 potions of haste
 C - a potion of berserk rage
 E - 13 potions of ambrosia
 H - 4 potions of brilliance
 J - 5 potions of magic
 O - 3 potions of resistance
 T - 2 potions of heal wounds
Miscellaneous
 h - a phantom mirror
 L - a lightning rod (4/4)
 U - a condenser vane


   Skills:
 O Level 27 Fighting
 O Level 27 Axes
 + Level 23.5 Armour
 - Level 25.0 Shields
 - Level 8.0 Invocations
 + Level 15.6 Evocations


You had 26 spell levels left.
You didn't know any spells.
Your spell library contained the following spells:

 Spells                   Type           Power      Damage    Failure   Level
 Apportation              Tloc           0%         N/A       65%         1
 Beastly Appendage        Tmut           0%         N/A       65%         1
 Freeze                   Ice            0%         1d3       65%         1
 Magic Dart               Conj           0%         1d3       65%         1
 Sandblast                Erth           0%         2d4       65%         1
 Summon Small Mammal      Summ           0%         N/A       65%         1
 Blink                    Tloc           N/A        N/A       78%         2
 Call Imp                 Summ           0%         N/A       78%         2
 Corpse Rot               Necr/Air       N/A        N/A       78%         2
 Ensorcelled Hibernation  Hex/Ice        0%         N/A       78%         2
 Passwall                 Tmut/Erth      0%         N/A       78%         2
 Searing Ray              Conj           0%         3d3       78%         2
 Call Canine Familiar     Summ           0%         N/A       93%         3
 Dazzling Flash           Conj/Hex       0%         N/A       93%         3
 Inner Flame              Hex/Fire       0%         N/A       93%         3
 Portal Projectile        Hex/Tloc       0%         N/A       93%         3
 Spider Form              Tmut/Pois      0%         N/A       93%         3
 Stone Arrow              Conj/Erth      0%         3d7       93%         3
 Teleport Other           Tloc           0%         N/A       93%         3
 Tukima's Dance           Hex            0%         N/A       93%         3
 Vampiric Draining        Necr           0%         2d6       93%         3
 Animate Armour           Summ/Erth      0%         N/A       100%        4
 Animate Dead             Necr           0%         N/A       100%        4
 Cause Fear               Hex            0%         N/A       100%        4
 Dispel Undead            Necr           0%         3d6       100%        4
 Fulminant Prism          Conj/Hex       0%         3d6       100%        4
 Ice Form                 Ice/Tmut       0%         N/A       100%        4
 Iskenderun's Mystic Bla  Conj/Tloc      0%         2d3       100%        4
 Leda's Liquefaction      Hex/Erth       0%         N/A       100%        4
 Passage of Golubria      Tloc           N/A        N/A       100%        4
 Petrify                  Tmut/Erth      0%         N/A       100%        4
 Agony                    Necr           0%         N/A       100%        5
 Alistair's Intoxication  Tmut/Pois      0%         N/A       100%        5
 Blade Hands              Tmut           0%         N/A       100%        5
 Bolt of Magma            Conj/Fire/Erth 0%         4d4       100%        5
 Fireball                 Conj/Fire      0%         3d3       100%        5
 Freezing Cloud           Conj/Ice/Air   0%         6-21      100%        5
 Irradiate                Conj/Tmut      0%         3d14      100%        5
 Iskenderun's Battlesphe  Conj           0%         2d6       100%        5
 Lee's Rapid Deconstruct  Erth           0%         3d5*      100%        5
 Manifold Assault         Tloc           0%         N/A       100%        5
 Silence                  Hex/Air        0%         N/A       100%        5
 Summon Forest            Summ/Tloc      0%         N/A       100%        5
 Summon Mana Viper        Hex/Summ       0%         N/A       100%        5
 Yara's Violent Unravell  Hex/Tmut       0%         3d3       100%        5
 Conjure Ball Lightning   Conj/Air       0%         3x3d6     100%        6
 Death Channel            Necr           0%         N/A       100%        6
 Dispersal                Tloc           0%         N/A       100%        6
 Eringya's Noxious Bog    Tmut/Pois      0%         N/A       100%        6
 Invisibility             Hex            0%         N/A       100%        6
 Iron Shot                Conj/Erth      0%         9d1       100%        6
 Shadow Creatures         Summ           N/A        N/A       100%        6
 Simulacrum               Ice/Necr       0%         N/A       100%        6
 Starburst                Conj/Fire      0%         6d3       100%        6
 Statue Form              Tmut/Erth      0%         N/A       100%        6
 Dragon Form              Tmut           0%         N/A       100%        7
 Haunt                    Necr/Summ      0%         N/A       100%        7
 Malign Gateway           Summ/Tloc      0%         N/A       100%        7
 Monstrous Menagerie      Summ           0%         N/A       100%        7
 Orb of Destruction       Conj           0%         N/A       100%        7
 Spellforged Servitor     Conj/Summ      0%         N/A       100%        7
 Storm Form               Tmut/Air       0%         N/A       100%        7
 Summon Hydra             Summ           0%         N/A       100%        7
 Borgnjor's Revivificati  Necr           0%         N/A       100%        8
 Discord                  Hex            0%         N/A       100%        8
 Disjunction              Tloc           0%         N/A       100%        8
 Ignition                 Fire           0%         3d3       100%        8
 Infestation              Necr           0%         N/A       100%        8
 Lehudib's Crystal Spear  Conj/Erth      0%         10d2      100%        8
 Necromutation            Tmut/Necr      0%         N/A       100%        8
 Summon Horrible Things   Summ           0%         N/A       100%        8
 Death's Door             Necr           0%         N/A       100%        9
 Fire Storm               Conj/Fire      0%         5d1       100%        9
 Polar Vortex             Ice            0%         N/A       100%        9
 Shatter                  Erth           0%         3d5*      100%        9


Dungeon Overview and Level Annotations

Branches:
Dungeon (15/15)            Temple (1/1) D:4            Lair (6/6) D:9
  Swamp (4/4) Lair:3       Spider (4/4) Lair:2          Orc (2/2) D:12
    Elf (3/3) Orc:2        Vaults (5/5) D:14          Crypt (0/3) Vaults:2
 Depths (5/5) D:15            Zot (2/5) Depths:5      IceCv (visited)
 WizLab (visited)
  Slime: Lair:5-6

Altars:
Ashenzari
Cheibriados
Dithmenos
Elyvilon
Fedhas
Gozag
Hepliaklqana
Kikubaaqudgha
Makhleb
Nemelex Xobeh
Okawaru
Qazlal
Ru
Sif Muna
Trog
Uskayaw
Vehumet
Wu Jian
Xom
Yredelemnul
Zin
The Shining One

Shops:
D:6 *   D:10 (   D:13 (:   Orc:1 !   Orc:2 [[=*   Vaults:1 [   Vaults:3 [
Depths:5 ::(=

Portals:
Hell: Depths:1 Depths:2 Depths:3 Depths:4 Depths:5
Abyss: Depths:2 Depths:3 Depths:4 Depths:5
Pandemonium: Depths:3
Ziggurat: Depths:1


Innate Abilities, Weirdness & Mutations

You are an insubstantial wisp.
Your tiny insubstantial body is highly resistant to most damage types.
You are flying.
Your equipment is entirely melded.
You are incapable of wielding weapons or throwing items.
You cannot cast spells.
A frigid envelope surrounds you and freezes all who hurt you.
You are weak. (Str -2)


Message History

Here: a Killer Klown, wielding a +10 vorpal club (heavily wounded)
The floor, spattered with blood.
You touch the Killer Klown but do no damage.
The Killer Klown is heavily wounded.
The Killer Klown karate-kicks you but does no damage.
The Killer Klown is very cold.
The Killer Klown is heavily wounded.
The Killer Klown pies you viciously! The klown pie hits you!!
Plum!
You feel light-headed.
The hellephant blinks!
The Killer Klown blinks!
The Killer Klown pies you viciously! The klown pie misses you.
The hellephant blinks!
You see here a +3 ring mail of positive energy.
The Killer Klown blinks!
The Killer Klown pies you viciously! The klown pie hits you!!
Plum!
You feel your light-headedness will last longer.
* * * LOW HITPOINT WARNING * * *
Items here: )) ††.
Things that are here:
a +10 club of venom; a Killer Klown corpse The Killer Klown pies you viciously!
The klown pie hits you!!
Raspberry!
You feel weakened.
You feel dopey.
You feel clumsy.
* * * LOW HITPOINT WARNING * * *
The Killer Klown blinks!
The Killer Klown pies you viciously! The klown pie hits you!!
Raspberry!
You feel weakened.
You feel dopey.
You feel clumsy.
* * * LOW HITPOINT WARNING * * *
The hellephant blinks!
The Killer Klown pies you viciously!
The klown pie hits you but does no damage.
You reach down and open the door.
There is an open door here.
The hellephant blinks!
The hellephant breathes flames at you. The blast of flame hits you!!
You resist.
You die...

''# #.# #.# #... ''####)#
#.# #### ''.))p.# #.#
''†.##)# #.# ##.[##.# #.#
########### # Y..)##.#
#.####<........# #
##..##§####...##.........#
#
##.....p§...Y§.'.........#
#
##.###.######p##v........#
# ##+###.# #.##.........#
# .....#.# #.##p........#
#
.....#.######.##..>......#
#
.....#.#.......p.........#
#
.....#.#.####.##.....^...#
#
.....'........##.........#
#
.....###.#.#####.........#
# .....#
#.#[############'## #


You could see a hellephant (catching breath) and 2 Killer Klowns.

Vanquished Creatures
  3 dread liches
  A juggernaut (Depths:1)
  Sojobo (Depths:1)
  Bai Suzhen (Vaults:5)
  6 Killer Klowns (Zot:2)
  A shard shrike (IceCv)
  Frederick (Vaults:4)
  Saint Roka (D:15)
  The ghost of shadowrider38 the Conqueror, an adept MiBe of Trog (Depths:2)
  Nikola (Depths:1)
  the Enchantress (Depths:4)
  A curse toe (Zot:2)
  3 caustic shrikes (Depths:3)
  6 golden dragons
  Arachne (Spider:4)
  An electric golem (Zot:1)
  A hellephant (Zot:2)
  5 tentacled monstrosities
  Jorgrun (D:12)
  3 liches
  3 deep elf blademasters
  10 quicksilver dragons
  A moon troll (WizLab)
  2 deep elf master archers (Elf:3)
  7 sphinxes
  3 death cobs
  5 tentacled starspawn (WizLab)
  7 shadow dragons
  A thorn hunter (Swamp:4)
  6 draconian monks
  The ghost of Iffuusoj the Severer, an adept MiBe of Trog (Swamp:4)
  6 tengu reavers
  9 storm dragons
  Kirke (Elf:1)
  Donald (Swamp:2)
  Roxanne (Swamp:4)
  12 fire giants
  2 juggernaut zombies (Depths:2)
  5 ghost moths
  14 vault wardens
  A fire giant (shapeshifter) (Zot:2)
  2 orc warlords
  9 deep elf sorcerers
  3 iron dragons
  10 emperor scorpions
  4 draconian knights
  A draconian scorcher (Zot:2)
  A balrug (Depths:4)
  Aizul (Vaults:1)
  8 frost giants
  A draconian stormcaller (Zot:2)
  11 ironbound preservers
  2 deep elf elementalists (Elf:3)
  Louise (Swamp:2)
  2 cacodemons (WizLab)
  4 draconian shifters
  A spectral juggernaut (Depths:2)
  3 spriggan defenders (Depths:4)
  43 very ugly things
  A reaper (Depths:4)
  A caustic shrike zombie (Depths:1)
  6 war gargoyles
  3 vampire knights
  2 draconian annihilators (Zot:1)
  8 deep elf demonologists
  27 stone giants
  The ghost of Feguytzu the Basher, a journeyman GrMo of Gozag (Spider:3)
  12 black draconians
  8 red draconians
  7 yellow draconians
  Azrael (Spider:1)
  4 bunyips
  4 dire elephants
  5 entropy weavers
  16 deep elf annihilators
  10 green draconians
  2 purple draconians
  12 white draconians
  10 spark wasps
  3 spectral titans (Depths:2)
  A blizzard demon (Depths:4)
  2 eidola (Vaults:2)
  4 crystal guardians (Vaults:4)
  9 deep elf death magi
  12 ettins
  An eleionoma (Swamp:1)
  11 ironbound thunderhulks
  17 yaktaur captains
  8 fire dragons
  A rakshasa (Depths:1)
  8 deep elf high priests
  Erolcha (D:12)
  The ghost of Houndtax the Summoner, a journeyman NaSu of Cheibriados (D:10)
  16 great orbs of eyes
  23 hydras
  3 boulder beetles
  5 ice dragons
  34 vault guards
  4 peacekeepers
  2 salamander tyrants (Depths:3)
  2 juggernaut simulacra (Depths:2)
  4 ghost crabs
  11 ironbound frosthearts
  10 spriggan air magi
  2 catoblepae
  Erica (Orc:1)
  2 death knights
  9 alligators
  6 centaur warriors
  4 ogre magi
  17 death yaks
  18 two-headed ogres
  16 tengu warriors
  An alligator (shapeshifter) (Zot:2)
  23 dancing weapons
  10 deep troll shamans
  A vampire mage (Elf:2)
  Urug (D:12)
  2 orc high priests (Elf:2)
  6 deep troll earth magi
  4 ironbound beastmasters
  13 spriggan berserkers
  8 hell hogs
  15 spriggans
  7 iron trolls
  A wretched star (WizLab)
  2 soul eaters (Depths:4)
  4 sun demons
  A titan skeleton (D:15)
  6 hell knights (Depths:5)
  The ghost of shadowrider38 the Blocker, a novice HOFi of Okawaru (D:9)
  2 shadow wraiths
  10 skeletal warriors
  13 deep elf knights
  3 fire crabs
  2 orange crystal statues
  6 goliath frogs
  A salamander mystic (Depths:3)
  13 swamp dragons
  47 deep trolls
  15 wizards
  12 glowing orange brains
  5 spriggan druids
  7 deep elf archers
  2 flayed ghosts
  2 shadow demons (Elf:2)
  2 quicksilver dragon simulacra (Depths:4)
  3 bog bodies (Swamp:2)
  A lindwurm (shapeshifter) (Vaults:5)
  19 deep elf zephyrmancers
  An obsidian statue (D:14)
  13 necromancers
  18 ironbound convokers
  3 orc knights
  2 phantasmal warriors
  67 ugly things
  31 wolf spiders
  19 orb spiders
  27 deep elf pyromancers
  8 oklob plants
  4 will-o-the-wisps
  3 lindwurms
  2 orc sorcerers
  A frost giant zombie (Depths:1)
  6 moths of wrath
  6 manticores
  6 cyclopes
  A stone giant skeleton (D:15)
  Maurice (Orc:1)
  2 centaur zombies (D:11)
  2 stone giant zombies (Depths:2)
  7 salamanders (Depths:3)
  Joseph (D:7)
  9 black mambas
  An ice statue (Depths:4)
  2 molten gargoyles (Lair:6)
  8 elephants
  A frost giant skeleton (D:15)
  8 vault sentinels
  8 cane toads
  3 titan simulacra (Depths:2)
  A hellion (Depths:3)
  Maggie (D:6)
  31 rime drakes
  A spriggan zombie (D:15)
  4 kobold demonologists
  3 eyes of devastation (WizLab)
  An efreet (D:14)
  5 freezing wraiths
  2 human zombies (Vaults:3)
  11 komodo dragons
  44 yaktaurs
  A gargoyle (D:11)
  5 tengu conjurers
  3 unseen horrors
  A human skeleton (Vaults:3)
  2 ice devils (Depths:4)
  12 demonic crawlers
  A queen bee (shapeshifter) (D:14)
  3 meliai (D:15)
  40 jumping spiders
  13 hornets
  12 trolls
  Grinder (D:6)
  A merfolk (shapeshifter) (Vaults:5)
  13 polar bears
  32 slime creatures
  11 tyrant leeches
  13 blink frogs
  A meliai zombie (D:10)
  A deep troll zombie (Depths:1)
  A dream sheep (shapeshifter) (Depths:4)
  3 stone giant simulacra (Depths:2)
  3 shadows (D:12)
  3 starcursed masses (WizLab)
  A water elemental (Elf:1)
  4 wraiths
  4 air elementals
  32 tarantellas
  10 wyverns
  73 redbacks
  A tarantella (shapeshifter) (Depths:4)
  12 basilisks
  51 yaks
  A yak (shapeshifter) (Depths:3)
  An elf zombie (Depths:1)
  6 fire elementals
  Eustachio (D:6)
  3 steam dragons
  A neqoxec (WizLab)
  A golden eye (shapeshifter) (D:15)
  15 humans (D:14)
  A hog (shapeshifter) (Elf:1)
  11 vampire mosquitoes
  6 hogs (Elf:1)
  2 acid dragons
  10 swamp worms
  7 wargs
  A warg (shapeshifter) (Depths:4)
  A tengu zombie (Depths:1)
  17 water moccasins
  Duvessa (D:7)
  A floating eye (shapeshifter) (Depths:1)
  8 hell hounds
  3 floating eyes
  2 ice beasts
  8 swamp drakes
  8 ettin simulacra
  21 orc warriors
  19 ogres
  A swamp drake (shapeshifter) (Zot:2)
  A black bear (D:9)
  2 necrophages
  2 boggarts (Elf:2)
  37 wolves
  2 tengu (shapeshifter)
  9 centaurs
  A phantom (D:5)
  10 kobold brigands (D:9)
  13 bullfrogs
  3 earth elementals
  5 scorpions
  Dowan (D:7)
  A hornet simulacrum (D:15)
  2 water moccasin skeletons
  3 human simulacra
  An oklob sapling (D:13)
  8 killer bees (D:8)
  12 wights (D:6)
  3 howler monkeys
  8 electric eels
  5 lava snakes (Lair:6)
  A centaur skeleton (D:6)
  5 orc priests
  4 hounds
  Crazy Yiuf (D:7)
  3 bullfrog skeletons
  3 jellies
  Ijyb (D:5)
  2 iguanas
  7 orc wizards
  15 hell rats
  A killer bee zombie (D:7)
  A howler monkey zombie (D:8)
  11 adders
  2 gnolls
  11 river rats (Lair:1)
  An ufetubus (D:4)
  A worm (D:5)
  2 dart slugs
  47 orcs
  5 bats (D:2)
  11 endoplasms
  5 giant cockroaches
  9 goblins
  7 hobgoblins
  4 jackals (D:4)
  11 quokkas
  14 ball pythons
  5 frilled lizards
  5 kobolds
  19 rats
  A spectral goblin (D:9)
  A bush (Lair:1)
  A fire vortex (Swamp:4)
  4 starspawn tentacles (WizLab)
2170 creatures vanquished.

Vanquished Creatures (others)
  3 fire giants
  A hell hog (Depths:3)
  2 deep elf knights
  A soul eater (Depths:4)
  A wizard (D:14)
  A deep elf zephyrmancer (Elf:1)
  A moth of wrath (Zot:2)
  A jumping spider (Spider:2)
  3 bloated husks
  3 redbacks (Spider:2)
  A steam dragon (Swamp:4)
  A swamp worm (Swamp:4)
  2 orc warriors
  3 swamp drakes (Swamp:4)
  A kobold brigand (D:9)
  An orc (Orc:1)
  9 briar patches (Swamp:4)
  4 demonic plants (WizLab)
  23 foxfires
  59 fungi
  73 plants
  10 starspawn tentacles (WizLab)
  4 toadstools (D:1)
  6 withered plants
214 creatures vanquished.

Grand Total: 2384 creatures vanquished

Notes
Turn   | Place    | Note
-------+----------+-------------------------------------------
     0 | D:1      | speeev33 the Hill Orc Fighter began the quest for the Orb.
     0 | D:1      | Reached XP level 1. HP: 19/19 MP: 1/1
    14 | D:1      | Found a faded altar of an unknown god.
   393 | D:1      | Reached XP level 2. HP: 26/27 MP: 2/2
   659 | D:1      | Reached XP level 3. HP: 31/33 MP: 3/3
  1414 | D:2      | Reached XP level 4. HP: 40/40 MP: 4/4
  1676 | D:2      | You fall into a shaft and drop 1 floor!
  2446 | D:3      | Reached XP level 5. HP: 43/47 MP: 5/5
  2621 | D:4      | Identified the +2 mace of Pride {freeze, Will+}
  2763 | D:4      | Reached skill level 5 in Fighting
  2921 | D:4      | Noticed an ice beast
  2937 | D:4      | Killed an ice beast
  2938 | D:4      | Reached XP level 6. HP: 48/56 MP: 6/6
  3046 | D:4      | Reached skill level 5 in Axes
  3634 | D:4      | Found an ancient bone altar of Kikubaaqudgha.
  3685 | D:4      | Reached skill level 5 in Armour
  3729 | D:4      | Found a staircase to the Ecumenical Temple.
  3749 | Temple   | Entered the Ecumenical Temple
  4092 | D:4      | Reached XP level 7. HP: 52/61 MP: 7/7
  4206 | D:5      | Entered Level 5 of the Dungeon
  4248 | D:5      | Reached skill level 5 in Shields
  4526 | D:5      | Noticed Ijyb
  4549 | D:5      | Killed Ijyb
  5125 | D:5      | Identified a scroll of acquirement
  5125 | D:5      | Acquired the +10 plate armour "Zirone" {Fly rPois Will++
                  | Dex-3}
  5290 | D:5      | Reached XP level 8. HP: 71/71 MP: 8/8
  5437 | D:6      | Noticed Maggie
  5446 | D:6      | Killed Maggie
  5830 | D:6      | Noticed Eustachio
  5872 | D:6      | Killed Eustachio
  6085 | D:6      | Found a broken altar of Ashenzari.
  6188 | D:6      | Reached XP level 9. HP: 51/79 MP: 9/9
  6346 | D:6      | Found a basalt altar of Yredelemnul.
  6468 | D:6      | Found Jacewumn's General Store.
  6854 | D:6      | Noticed Grinder
  6858 | D:6      | Paralysed by Grinder for 2 turns
  6862 | D:6      | Killed Grinder
  7022 | D:6      | Noticed a komodo dragon
  7030 | D:6      | Killed a komodo dragon
  7352 | D:7      | Noticed Dowan
  7354 | D:7      | Noticed Duvessa
  7360 | D:7      | Killed Duvessa
  7379 | D:7      | Killed Dowan
  7623 | D:7      | Found a runed translucent door.
  7624 | D:7      | Noticed Crazy Yiuf
  7658 | D:7      | Noticed Joseph
  7666 | D:7      | Killed Joseph
  7667 | D:7      | Reached XP level 10. HP: 89/90 MP: 10/10
  8012 | D:7      | Found a shimmering blue altar of Sif Muna.
  8328 | D:7      | Killed Crazy Yiuf
  8469 | D:8      | Found an iron altar of Okawaru.
  8477 | D:8      | Became a worshipper of Warmaster Okawaru
  9182 | D:9      | Found a glowing silver altar of Zin.
  9248 | D:9      | Noticed a two-headed ogre
  9275 | D:9      | Killed a two-headed ogre
  9275 | D:9      | Reached * piety under Okawaru
  9276 | D:9      | Reached skill level 10 in Armour
  9542 | D:9      | Found a runed translucent gate.
  9542 | D:9      | Found a runed translucent gate.
  9542 | D:9      | Found a runed translucent gate.
  9544 | D:9      | Noticed shadowrider38's ghost (novice HOFi)
  9544 | D:9      | Noticed a kobold demonologist
  9545 | D:9      | Noticed a kobold demonologist
  9637 | D:9      | Noticed a two-headed ogre
  9642 | D:9      | Killed a two-headed ogre
  9643 | D:9      | Reached skill level 10 in Axes
 10132 | D:9      | Found a hazy altar of Hepliaklqana.
 10222 | D:9      | Reached ** piety under Okawaru
 10242 | D:9      | Reached skill level 10 in Fighting
 10242 | D:9      | Reached XP level 11. HP: 75/99 MP: 13/13
 10515 | D:9      | Found a staircase to the Lair.
 10634 | D:10     | Entered Level 10 of the Dungeon
 11522 | Lair:1   | Entered Level 1 of the Lair of Beasts
 11629 | Lair:1   | Reached *** piety under Okawaru
 12116 | Lair:1   | Reached skill level 5 in Invocations
 12133 | Lair:1   | Reached **** piety under Okawaru
 12605 | Lair:1   | Noticed an oklob plant
 12605 | Lair:1   | Noticed an oklob plant
 12614 | Lair:1   | Noticed a four-headed hydra
 12632 | Lair:1   | Killed a four-headed hydra
 13023 | Lair:1   | Reached skill level 10 in Shields
 13217 | Lair:1   | Noticed an oklob plant
 13298 | Lair:2   | Reached ***** piety under Okawaru
 13430 | Lair:2   | Received a gift from Okawaru
 13443 | Lair:2   | Reached XP level 12. HP: 69/110 MP: 16/16
 13840 | Lair:2   | Noticed a six-headed hydra
 13858 | Lair:2   | Killed a six-headed hydra
 14091 | Lair:2   | Noticed a death yak
 14091 | Lair:2   | Noticed a death yak
 14091 | Lair:2   | Noticed a death yak
 14092 | Lair:2   | Noticed a death yak
 14092 | Lair:2   | Noticed a death yak
 14129 | Lair:2   | Killed a death yak
 14136 | Lair:2   | Killed a death yak
 14153 | Lair:2   | Killed a death yak
 14183 | Lair:1   | Killed a death yak
 14537 | Lair:2   | Killed a death yak
 14537 | Lair:2   | Received a gift from Okawaru
 14736 | Lair:2   | Received a gift from Okawaru
 15038 | Lair:2   | Found a hole to the Spider Nest.
 15641 | Lair:3   | Reached skill level 1 in Evocations
 15690 | Lair:3   | Reached XP level 13. HP: 44/119 MP: 16/19
 16423 | Lair:3   | Found a staircase to the Swamp.
 16556 | Lair:3   | Reached ****** piety under Okawaru
 17497 | Lair:4   | Identified the +11 broad axe "Hydraslayer" {freeze, rC+}
                  | (Okawaru gifted it to you on level 4 of the Lair of Beasts)
 17497 | Lair:4   | Received a gift from Okawaru
 18067 | Lair:4   | Reached skill level 5 in Evocations
 19433 | Lair:5   | Reached XP level 14. HP: 129/129 MP: 20/20
 19982 | Lair:6   | Entered Level 6 of the Lair of Beasts
 20192 | Lair:6   | Identified the +2 robe of the Goldsmith {Harm rF+ Str+4
                  | Stlth-} (Okawaru gifted it to you on level 6 of the Lair of
                  | Beasts)
 20192 | Lair:6   | Received a gift from Okawaru
 20422 | Lair:6   | Reached skill level 15 in Axes
 20439 | Lair:6   | HP: 3/130 [death yak (14)]
 20934 | Lair:6   | Found an iron altar of Okawaru.
 21225 | Lair:6   | Found a large runed translucent door.
 21225 | Lair:6   | Found a large runed translucent door.
 22894 | D:10     | Acquired 1027 gold pieces
 22907 | D:10     | Found Medaar's Antique Weapon Shoppe.
 23079 | D:10     | Found a runed translucent gate.
 23079 | D:10     | Found a runed translucent gate.
 23079 | D:10     | Found a runed translucent gate.
 23081 | D:10     | Noticed Houndtax's ghost (journeyman NaSu)
 23416 | D:10     | Killed Houndtax's ghost
 23454 | D:10     | Identified the +7 trident of Plog {speed, Dex+2 Stlth+}
 23501 | D:10     | Acquired an amulet of reflection
 23721 | D:11     | Received a gift from Okawaru
 24388 | D:12     | Found a staircase to the Orcish Mines.
 24409 | D:12     | Reached XP level 15. HP: 128/139 MP: 21/21
 24691 | D:12     | Noticed Urug
 24758 | D:12     | Killed Urug
 25181 | Orc:1    | Entered Level 1 of the Orcish Mines
 25181 | Orc:1    | Noticed Erolcha
 25181 | Orc:1    | Noticed Jorgrun
 25181 | Orc:1    | Noticed an orc warlord
 25591 | D:12     | Killed Jorgrun
 25761 | D:12     | Killed an orc warlord
 25859 | D:12     | Killed Erolcha
 26118 | Orc:1    | Noticed Erica
 26129 | Orc:1    | Noticed Maurice
 26133 | Orc:1    | Killed Erica
 26148 | Orc:1    | Received a gift from Okawaru
 26153 | Orc:1    | Killed Maurice
 26316 | Orc:1    | Found Kupnia's Distillery.
 26484 | Orc:1    | Bought a potion of heal wounds for 70 gold pieces
 26497 | Orc:2    | Entered Level 2 of the Orcish Mines
 26504 | Orc:2    | Found a staircase to the Elven Halls.
 26675 | Orc:2    | Reached skill level 15 in Fighting
 26699 | Orc:2    | Found Lizxynir's Jewellery Boutique.
 26700 | Orc:2    | Found Yfuerch's Antique Armour Shop.
 27033 | Orc:2    | Found Lek Roghen's Assorted Antiques.
 27038 | Orc:2    | Found Ufipuits's Armour Boutique.
 27266 | Orc:2    | Bought an embroidered cloak for 165 gold pieces
 27548 | Swamp:1  | Entered Level 1 of the Swamp
 27693 | Swamp:1  | Received a gift from Okawaru
 28333 | Swamp:1  | Reached XP level 16. HP: 149/149 MP: 22/22
 28893 | Swamp:2  | Noticed Donald
 28908 | Swamp:2  | Killed Donald
 29241 | Swamp:2  | Noticed Louise
 29264 | Swamp:2  | Killed Louise
 29265 | Swamp:2  | Reached skill level 15 in Shields
 29996 | Swamp:3  | Identified the +2 hat of Hatar {rN+ Str+2 Dex+3} (Okawaru
                  | gifted it to you on level 3 of the Swamp)
 29996 | Swamp:3  | Received a gift from Okawaru
 30321 | Swamp:3  | Got Zatik's Grimoire of the Traveller
 30832 | Swamp:4  | Entered Level 4 of the Swamp
 30832 | Swamp:4  | Identified Roxanne's Reference Book on Stones
 30832 | Swamp:4  | Noticed Roxanne
 30900 | Swamp:4  | Killed Roxanne
 31896 | Swamp:4  | Reached XP level 17. HP: 159/159 MP: 23/23
 32073 | Swamp:4  | Got a decaying rune of Zot
 32194 | Swamp:4  | Received a gift from Okawaru
 32531 | Swamp:4  | Found a runed translucent door.
 32532 | Swamp:4  | Found a shimmering altar of Xom.
 32532 | Swamp:4  | Identified the +2 glaive of Gravity {chaos, *Noise rF+
                  | Dex+5}
 32532 | Swamp:4  | Noticed Iffuusoj's ghost (adept MiBe)
 32801 | D:9      | Killed shadowrider38's ghost
 33101 | Spider:1 | Entered Level 1 of the Spider Nest
 33397 | Spider:1 | Noticed Azrael
 33552 | Spider:1 | Killed Azrael
 33931 | Spider:1 | Received a gift from Okawaru
 35488 | Spider:3 | Reached XP level 18. HP: 170/170 MP: 24/24
 35801 | Spider:3 | Found a runed translucent door.
 35801 | Spider:3 | Noticed Feguytzu's ghost (journeyman GrMo)
 35817 | Spider:3 | Killed Feguytzu's ghost
 36046 | Spider:4 | Entered Level 4 of the Spider Nest
 36090 | Spider:4 | Noticed Arachne
 36145 | Spider:3 | Received a gift from Okawaru
 36160 | Spider:4 | Killed Arachne
 36443 | Spider:4 | Received a gift from Okawaru
 37408 | Spider:4 | Got a gossamer rune of Zot
 37862 | D:13     | Found Huniseul's Book Boutique.
 37871 | D:13     | You are sucked into a shaft and drop 2 floors!
 37871 | D:15     | Entered Level 15 of the Dungeon
 38266 | D:13     | Identified the +10 mace of the Eternal Warrior {holy, rC+}
 38483 | D:13     | Found Ibresibe's Weapon Emporium.
 38514 | D:13     | Got the Papyrus of Nature
 38797 | D:14     | Received a gift from Okawaru
 39229 | D:14     | Reached XP level 19. HP: 180/180 MP: 25/25
 39239 | D:14     | Identified the +2 ring mail "Maclaof" {rElec rPois Str+3
                  | SInv}
 39242 | D:14     | Found a gate to the Vaults.
 39322 | D:14     | Identified the +0 leather armour of the Land of Plenty
                  | {rF+}
 39528 | D:14     | Received a gift from Okawaru
 39931 | D:15     | Found a staircase to the Depths.
 40606 | Elf:1    | Entered Level 1 of the Elven Halls
 40676 | Elf:1    | Found a magical portal.
 40682 | WizLab   | Entered Lehudib's Moon Base
 41122 | WizLab   | Found a transporter.
 41691 | WizLab   | Found a transporter.
 41695 | WizLab   | Identified the +1 robe of a bazaar {rElec rN+ Str-4}
                  | (Okawaru gifted it to you in a wizard's laboratory)
 41695 | WizLab   | Received a gift from Okawaru
 41703 | WizLab   | Reached XP level 20. HP: 191/191 MP: 26/26
 41817 | WizLab   | Identified the ring "Huaren" {+Blink Will+}
 42315 | WizLab   | Gained mutation: Armour fits poorly on your strangely
                  | shaped body. [a cacodemon]
 42888 | Elf:1    | Noticed Kirke
 42905 | Elf:1    | Killed Kirke
 43551 | Elf:1    | Got the Almanac of Arcane Weapons
 43937 | Elf:2    | Paralysed by an air elemental for 1 turns
 44296 | Elf:2    | Found a runed translucent gate.
 44297 | Elf:2    | Found a runed translucent gate.
 44297 | Elf:2    | Found a runed translucent gate.
 44434 | Elf:2    | Found a shimmering blue altar of Sif Muna.
 44468 | Elf:2    | Paralysed by an air elemental for 1 turns
 44629 | Elf:2    | Noticed a Brimstone Fiend
 44630 | Elf:2    | Received a gift from Okawaru
 44641 | Elf:2    | Identified the amulet "Dytitongi" {RegenMP Int+4}
 44643 | Elf:2    | Got the Papyrus of Creation
 44803 | Elf:2    | Paralysed by an air elemental for 1 turns
 44928 | Elf:2    | Found a shimmering blue altar of Sif Muna.
 45164 | Elf:2    | Paralysed by an air elemental for 1 turns
 46273 | Elf:2    | Identified the +1 scale mail of Past Mistakes {rC+}
                  | (Okawaru gifted it to you on level 2 of the Elven Halls)
 46273 | Elf:2    | Received a gift from Okawaru
 46467 | Elf:3    | Entered Level 3 of the Elven Halls
 46556 | Elf:3    | Found a frozen archway.
 46561 | IceCv    | Entered an ice cave
 46817 | IceCv    | Reached XP level 21. HP: 192/201 MP: 27/27
 47114 | IceCv    | Identified the +0 pair of gloves "Qoritt" {Will+ Int+7
                  | Slay+3}
 47148 | IceCv    | Noticed a shard shrike
 47166 | IceCv    | Killed a shard shrike
 47524 | Elf:1    | Lost mutation: Armour fits poorly on your strangely shaped
                  | body. [potion of mutation]
 47524 | Elf:1    | Gained mutation: A frigid envelope surrounds you and
                  | freezes all who hurt you. [potion of mutation]
 47524 | Elf:1    | Gained mutation: You are weak. (Str -2) [potion of
                  | mutation]
 47624 | Elf:3    | Paralysed by an air elemental for 1 turns
 47665 | Elf:3    | Found a shimmering blue altar of Sif Muna.
 48108 | Elf:3    | Identified the +7 lajatang of the Sixty-Six Olives {flame,
                  | *Corrode Fly rPois rN+}
 48427 | Elf:3    | Identified the +1 ring mail "Ilu Def" {Str+4}
 48603 | Elf:3    | Identified the +6 chain mail "Utaghun" {rC+ Str+3} (Okawaru
                  | gifted it to you on level 3 of the Elven Halls)
 48603 | Elf:3    | Received a gift from Okawaru
 48653 | Elf:3    | Identified the +0 plate armour of the Twelve Lies {Str+3}
 48722 | Elf:3    | Identified the ring "Wacoru" {Fire rN+ Int+2 Dex+4 SInv}
 48792 | Elf:3    | Got the Catalogue of the Ghastly Rocks
 49541 | Vaults:1 | Entered Level 1 of the Vaults
 50161 | Vaults:1 | Reached XP level 22. HP: 187/213 MP: 28/28
 50322 | Vaults:1 | Identified the +0 cloak "Petu" {*Corrode Str+2 Dex+4}
                  | (Okawaru gifted it to you on level 1 of the Vaults)
 50322 | Vaults:1 | Received a gift from Okawaru
 50489 | Vaults:1 | Noticed Aizul
 50504 | Vaults:1 | Killed Aizul
 50517 | Vaults:1 | Found Matsacap's Antique Armour Shoppe.
 51451 | Lair:1   | Paralysed by a floating eye for 4 turns
 51467 | Lair:1   | Paralysed by a floating eye for 3 turns
 52181 | Swamp:4  | Killed Iffuusoj's ghost
 52507 | Vaults:2 | Identified the +9 hunting sling "Orb Guardian's Foe"
                  | {flame, Int+4}
 53006 | Vaults:2 | Found a staircase to the Crypt.
 53436 | Vaults:2 | Got the Catalogue of the Earthen Blaze
 54100 | Vaults:3 | Identified the +0 ring mail "Faomm" {Rampage rElec Dex+3}
                  | (Okawaru gifted it to you on level 3 of the Vaults)
 54100 | Vaults:3 | Received a gift from Okawaru
 54664 | Vaults:3 | Reached XP level 23. HP: 222/222 MP: 29/29
 55196 | Vaults:3 | Found Depsam's Armour Boutique.
 56062 | Vaults:4 | Identified the +10 war axe of Undoing {vorpal, *Corrode
                  | +Rage rN+++ Str-5}
 56081 | Vaults:4 | Received a gift from Okawaru
 56141 | Vaults:4 | Noticed Frederick
 56157 | Vaults:4 | Killed Frederick
 56444 | Vaults:4 | Identified the +2 tower shield of Honesty {Int+8} (Okawaru
                  | gifted it to you on level 4 of the Vaults)
 56444 | Vaults:4 | Received a gift from Okawaru
 57227 | Depths:1 | Entered Level 1 of the Depths
 57300 | Depths:1 | Noticed Sojobo
 57304 | Depths:1 | Paralysed by an air elemental for 1 turns
 57307 | Depths:1 | Paralysed by an air elemental for 1 turns
 57310 | Depths:1 | Paralysed by an air elemental for 1 turns
 57312 | Depths:1 | Paralysed by an air elemental for 1 turns
 57316 | Depths:1 | Paralysed by an air elemental for 1 turns
 57736 | Depths:1 | Killed Sojobo
 57958 | Depths:1 | Noticed a juggernaut
 57970 | Depths:1 | Killed a juggernaut
 57971 | Depths:1 | Reached XP level 24. HP: 235/235 MP: 28/29
 57976 | Depths:1 | Identified the +2 leather armour of Somewhere Else {rC+}
 57976 | Depths:1 | Noticed Saint Roka
 58493 | D:15     | Killed Saint Roka
 58793 | Depths:1 | Received a gift from Okawaru
 58923 | Depths:1 | Found a gateway to a ziggurat.
 59483 | Depths:1 | Noticed Nikola
 59510 | Depths:1 | Killed Nikola
 59737 | Depths:1 | Found a gateway to Hell.
 59845 | Depths:1 | Received a gift from Okawaru
 60375 | Depths:2 | Received a gift from Okawaru
 61009 | Depths:2 | Found a one-way gate to the infinite horrors of the Abyss.
 61296 | Depths:2 | Reached skill level 27 in Axes
 61563 | Depths:2 | Found a runed translucent door.
 61567 | Depths:2 | Noticed shadowrider38's ghost (adept MiBe)
 61622 | Depths:2 | Killed shadowrider38's ghost
 61622 | Depths:2 | Received a gift from Okawaru
 61952 | Depths:3 | Found a one-way gate leading to the halls of Pandemonium.
 62027 | Depths:3 | Reached XP level 25. HP: 207/249 MP: 29/29
 62421 | Depths:3 | You are sucked into a shaft and drop 2 floors!
 62421 | Depths:5 | Entered Level 5 of the Depths
 62421 | Depths:5 | Found Tatidu's Jewellery Emporium.
 62870 | Depths:3 | Noticed a dread lich
 62895 | Depths:3 | Received a gift from Okawaru
 62896 | Depths:3 | Killed a dread lich
 63611 | Depths:3 | Found a bloodstained altar of Trog.
 63726 | Depths:3 | Got Sif Muna's Guide on Blistering Ice
 64531 | Depths:4 | Found a hide-covered altar of Uskayaw.
 64790 | Depths:4 | Identified the +7 scythe of Rynobb {elec, Fly rC- Int+2
                  | SInv}
 64830 | Depths:4 | Reached skill level 27 in Fighting
 65228 | Depths:4 | Identified the +1 robe of the Jolly Beasts {Contam Harm
                  | +Inv rCorr}
 65236 | Depths:4 | Found a shimmering altar of Xom.
 65285 | Depths:4 | Noticed the Enchantress
 65295 | Depths:4 | Killed the Enchantress
 65305 | Depths:4 | Identified the +8 mace of Kerugroc {vorpal, rPois}
 65320 | Depths:4 | Received a gift from Okawaru
 65848 | Depths:4 | Reached skill level 15 in Armour
 65876 | Depths:4 | Acquired 615 gold pieces
 65877 | Depths:4 | Acquired 978 gold pieces
 65926 | Depths:4 | Identified the +8 chain mail of Edghumyv {Str+4}
 65942 | Depths:4 | Found the +2 cloak of the Thief {*Fog Slay-2 SInv Stlth+}
 66159 | Depths:3 | Reached XP level 26. HP: 150/266 MP: 29/29
 66906 | Depths:4 | Found a glowing silver altar of Zin.
 67010 | Depths:4 | Found a sparkling altar of Nemelex Xobeh.
 67052 | Depths:4 | Received a gift from Okawaru
 67784 | Depths:5 | Found a gate to the Realm of Zot.
 67977 | Depths:5 | Found Xuycvet's Book Emporium.
 67980 | Depths:5 | Bought a manual of Armour for 1120 gold pieces
 68102 | Depths:5 | Found Veoma's Book Shoppe.
 68536 | Depths:5 | Found Kuarr's Weapon Shoppe.
 69189 | Vaults:5 | Entered Level 5 of the Vaults
 69771 | Vaults:5 | Identified the +4 longbow "Quypt" {freeze, rF+ Int+2}
                  | (Okawaru gifted it to you on level 5 of the Vaults)
 69771 | Vaults:5 | Received a gift from Okawaru
 70044 | Vaults:5 | Reached skill level 10 in Evocations
 70396 | Vaults:5 | Identified the amulet "Oneschi" {RegenMP Str+6}
 70405 | Vaults:5 | Got a silver rune of Zot
 70410 | Vaults:5 | Identified the +4 dagger of Circularity {venom, rC+ Will-
                  | Str+4 Dex+5}
 70416 | Vaults:5 | Reached XP level 27. HP: 273/273 MP: 29/29
 70416 | Vaults:5 | Noticed Bai Suzhen
 70429 | Vaults:5 | Killed Bai Suzhen
 70539 | Vaults:5 | Identified the +8 mace of Analysis {venom, Str+4 Int+5}
 70549 | Vaults:5 | Identified the +0 chain mail of Evolution {Will++}
 70582 | Vaults:5 | Noticed a dread lich
 70603 | Vaults:5 | Killed a dread lich
 70606 | Vaults:5 | Received a gift from Okawaru
 70697 | Vaults:5 | Identified the +7 great sword "Tiaruheu" {venom, rN+ Will+
                  | Str+2}
 70703 | Vaults:5 | Identified the +0 cloak of Tefuirph {Drain rElec MP+9 SInv}
 70878 | Vaults:5 | Noticed a dread lich
 70895 | Vaults:5 | Killed a dread lich
 70998 | Vaults:5 | Found the +7 Kryia's mail coat {PotionHeal*2 rC+}
 71077 | Vaults:5 | Received a gift from Okawaru
 71454 | Vaults:5 | Identified the +1 pair of gloves "Pehouv" {Regen+ Str+3}
 71931 | Zot:1    | Entered Level 1 of the Realm of Zot
 74224 | Zot:2    | Found a huge runed gate.
 74225 | Zot:2    | Found a huge runed gate.
 74227 | Zot:2    | Found a huge runed gate.
 74227 | Zot:2    | Found a huge runed gate.
 74230 | Zot:2    | Found a huge runed gate.
 74231 | Zot:2    | Found a huge runed gate.
 74292 | Zot:2    | Found a huge runed gate.
 74389 | Zot:2    | Found a huge runed gate.
 74389 | Zot:2    | Found a huge runed gate.
 74390 | Zot:2    | Found a huge runed gate.
 74398 | Zot:2    | Found a huge runed gate.
 74398 | Zot:2    | Found a huge runed gate.
 74398 | Zot:2    | Found a huge runed gate.
 74398 | Zot:2    | Found a huge runed gate.
 74398 | Zot:2    | Found a huge runed gate.
 74399 | Zot:2    | Found a huge runed gate.
 74399 | Zot:2    | Found a huge runed gate.
 74400 | Zot:2    | Found a huge runed gate.
 74400 | Zot:2    | Found a huge runed gate.
 74434 | Zot:2    | Received a gift from Okawaru
 74590 | Zot:2    | Found a huge runed gate.
 74591 | Zot:2    | Found a huge runed gate.
 74592 | Zot:2    | Found a huge runed gate.
 74593 | Zot:2    | Found a huge runed gate.
 74594 | Zot:2    | Found a huge runed gate.
 74595 | Zot:2    | Found a huge runed gate.
 74596 | Zot:2    | Found a huge runed gate.
 74597 | Zot:2    | Found a huge runed gate.
 75910 | Zot:2    | Reached skill level 15 in Evocations
 75956 | Zot:2    | Received a gift from Okawaru
 75990 | Zot:2    | Killed from afar by a hellephant

Illustrated notes

Levels and vault maps discovered:
D:1:      ldierk_water_garden, layout_rooms,
          hellmonk_ecumenical_altar_arch_garden, minmay_small_reverse_x
D:2:      minmay_general_purpose_star, layout_loops_ring, grunt_ministairs_9
D:3:      layout_rooms
D:4:      layout_basic, kennysheep_mini, temple_fountains,
          kennysheep_another_room, cheibrodos_gnoll_hut
D:5:      layout_basic, uniq_ijyb
D:6:      layout_loops_cross, cheibrodos_ashenzari_chains,
          yredelemnul_altar_generic, serial_shops, nicolae_shop_waterfront,
          uniq_maggie, uniq_grinder, uniq_eustachio
D:7:      layout_basic, nicolae_overflow_crystal_walls, grunt_decor_junction,
          uniq_duvessa, uniq_joseph, uniq_crazy_yiuf_cottage
D:8:      layout_loops_ring, kennysheep_okawaru_gauntlet
D:9:      layout_roguey, nicolae_hepliaklqana_monster_ancestors,
          mainiacjoe_overflow_surrounded_room, grunt_lair_entry_orc_guard_hut,
          gammafunk_ghost_nasty_kobolds, glass_columns_b
D:10:     erik_rubicon_b, layout_cave_pools, gammafunk_ghost_hydra_chop,
          serial_shops, nicolae_shop_crystal, chequers_serial_rivers_micro_c,
          kennysheep_pointless_box
D:11:     layout_gridville
D:12:     layout_basic, orc_david_3, uniq_urug
D:13:     layout_roguey, serial_shops, nicolae_shop_crystal,
          kennysheep_mini_moat, introduction_to_nature_2
D:14:     layout_basic, grunt_vaults_entry_tiered, special_room
          [special_room_mythical_zoo], minivault_16
D:15:     gammafunk_depths_entry_grave, layout_stronghold
Temple:   regret_index_temple_generic_petals
Lair:1:   lemuel_ratsnest, layout_chaotic_city, disabler_island
Lair:2:   layout_cave_shapes, nicolae_spider_entry_orb_guardian
Lair:3:   layout_misc_corridors, swamp_mist, nicolae_quartered_pool_little,
          serial_bayou_pond_c, grunt_forest_large_clearings, grunt_megastairs_5,
          infiniplex_staircase_pool_2
Lair:4:   layout_cellular_growth, minmay_lair_oklob_chamber,
          lemuel_fruit_fields, grunt_megastairs_2, infiniplex_staircase_pool
Lair:5:   layout_cave_pods
Lair:6:   cheibrodos_lair_end_hotspot, layout_gridlike, dpeg_slime_entry_corner,
          basic_altar, serial_bayou_shore_b, lemuel_fruit_tree, uniq_sonja
Swamp:1:  layout_basic_swamp, nicolae_swamp_some_circles, swamp_pool2,
          lightli_tree_ring
Swamp:2:  layout_falls_marsh, nicolae_swamp_dense_foliage, uniq_louise,
          uniq_donald
Swamp:3:  layout_falls_marsh, serial_swamp_ruin, evilmike_swamp_ruin_house_1,
          evilmike_swamp_ruin_rubble_1, hangedman_swamp_ruin_hall, swamp_pool3
Swamp:4:  swamp_fiery, layout_basic_swamp, ebering_ghost_xom, uniq_roxanne
Spider:1: layout_spider_delve, spiders_nest_spider_trap, uniq_azrael
Spider:2: layout_spider_delve
Spider:3: layout_spider_delve, ebering_ghost_reflecting_pool,
          spiders_nest_the_unseen
Spider:4: grunt_spider_rune_circles, uniq_arachne
Orc:1:    layout_caves, serial_shops, shop, uniq_maurice, uniq_erica,
          uniq_erolcha, uniq_jorgrun
Orc:2:    st_orc_open, layout_diamond_mine
Elf:1:    layout_geoelf_grid, infiniplex_enter_wizlab_glasses,
          minmay_elf_annihilation, serial_sigils_hangedman_stare,
          minmay_crystal_room, uniq_kirke
Elf:2:    nicolae_elf_blades_crystal_corner, layout_geoelf_diagonals,
          basic_altar, hangedman_summoners_spam
Elf:3:    grunt_elf_hall_spiral, layout_onion_city,
          portal_ice_cave_entry_pillars_four, basic_altar
Vaults:1: nicolae_vaults_border_crossing, nicolae_vaults_network_barrier,
          st_more_cells, hangedman_vaults_corner, vaults_room_corners,
          grunt_vaults_swirl, nicolae_vaults_puzzle_piece, vaults_room_hallway,
          vaults_room_pools, nicolae_vaults_little_ls, nicolae_vaults_theta,
          grunt_vaults_focal, serial_ice_h, ontoclasm_vaults_ring_small,
          layout_vaults_omnicross, serial_shops, nicolae_square_shop, uniq_aizul
Vaults:2: nicolae_vaults_what_the_h, ontoclasm_vaults_misaligned,
          nicolae_vaults_specimen_jars, ontoclasm_vaults_ring_small,
          hangedman_vaults_stagger, nicolae_vaults_mini_display_case,
          nicolae_vaults_alarming, layout_vaults_chaotic_city,
          minmay_crypt_entry_simple_round
Vaults:3: hangedman_vaults_restitches, vaults_dpeg_diagonal,
          hangedman_vaults_slice, nicolae_vaults_yaktaur_gun_rack,
          vaults_dpeg_cross, vaults_room_grid, nicolae_vaults_network_star,
          layout_vaults_omnigrid, serial_shops, shop
Vaults:4: v_misc_27, hangedman_vaults_unwind, nicolae_vaults_network_periphery,
          hangedman_vaults_impose, v_misc_9, hangedman_vaults_cutoff,
          nicolae_vaults_twisting_passages, nicolae_vaults_little_squares_1,
          nicolae_vaults_theta, layout_vaults_omnibox, uniq_frederick
Vaults:5: uniq_bai_suzhen
Depths:1: hangedman_arch_fort, layout_honeycomb, enter_ziggurat_d,
          chequers_serial_rivers_marsh, pf_coc_iceberg, grunt_ministairs_12,
          hangedman_abyss_or_decor_jellyfish_corner, hangedman_decor_points,
          minmay_misc_feat_enclosed, st_stairs_13, firewood_loft, uniq_nikola,
          uniq_sojobo, uniq_saint_roka
Depths:2: hangedman_elemental_death_ray, layout_gridlike,
          infiniplex_staircase_squiggle, grunt_hell_entry_dis_mu,
          hangedman_abyss_entry_splay, muffindrake_ghost_dead_mans_drink,
          corexii_corridor_pit
Depths:3: hangedman_cross_stitches, layout_basic, special_room
          [special_room_magic_class], abyss_entry, pan_entry, bloody_trog,
          hellmouth_1, minmay_misc_feat_pillars, infiniplex_staircase_pillars_3b
Depths:4: grunt_profane_halls [grunt_profane_temple_dis,
          grunt_profane_temple_tar, grunt_profane_temple_coc,
          grunt_profane_temple_geh, grunt_profane_loot], hell_entry,
          abyss_entry, uniq_enchantress
Depths:5: grunt_twist_and_shout, layout_basic, hell_entry, abyss_entry,
          serial_shops, nicolae_shop_behind_doors, nicolae_shop_behind_doors,
          nicolae_shop_trees, shop, serial_sigils,
          serial_sigils_hangedman_shear, serial_sigils_hangedman_writhe,
          serial_sigils_hangedman_quiver, serial_sigils_hangedman_gnaw,
          serial_sigils_hangedman_leer, serial_sigils_hangedman_scratch
Zot:1:    layout_twisted_circle, grunt_megastairs_1
Zot:2:    layout_gridlike, drop_trap, not_door_vault_due

Skill      XL: |  1  2  3  4  5  6  7  8  9 10 11 12 13 14 15 16 17 18 19 20 21 22 23 24 25 26 27 |
---------------+----------------------------------------------------------------------------------+-----
Axes           | 3 4 5 6 7 9 10 11 13 14 16 18 19 20 21 22 23 24 25 27 | 27.0
Fighting       | 4 5 6 7 8 10 11 12 13 14 15 16 17 18 19 20 21 23 25 27 | 27.0
Armour         | 4 5 6 9 10 11 12 13 15 20 23 | 23.5
Shields        | 4 5 6 8 9 10 11 12 13 14 16 18 19 20 22 23 24 25 | 25.0
Invocations    | 3 6 8 |  8.0
Evocations     | 2 5 7 8 10 15 | 15.6

Action                   |  1- 3 |  4- 6 |  7- 9 | 10-12 | 13-15 | 16-18 | 19-21 | 22-24 | 25-27 || total
-------------------------+-------+-------+-------+-------+-------+-------+-------+-------+-------++-------
Melee: War axe           |   105 |   149 |   297 |   686 |   155 |       |       |       |       ||  1392
       Morningstar       |       |       |       |    15 |    60 |    53 |     3 |       |       ||   131
       Broad axe         |       |       |       |       |   686 |   945 |  1003 |  1104 |  1375 ||  5113
       Unarmed           |       |       |       |       |       |       |       |       |     1 ||     1
Throw: Boomerang         |       |       |     5 |     6 |       |       |       |       |       ||    11
Invok: Heroism           |       |       |       |     6 |     9 |     8 |     8 |    11 |    16 ||    58
       Finesse           |       |       |       |       |     5 |     6 |     6 |     7 |    15 ||    39
Evoke: Wand              |       |       |     2 |     1 |       |     9 |       |     2 |     6 ||    20
       Condenser vane    |       |       |       |       |       |       |     1 |       |       ||     1
  Use: Scroll            |     3 |     6 |     9 |     5 |     6 |     6 |     6 |    10 |     7 ||    58
       Potion            |       |     1 |       |       |     3 |       |     3 |       |     3 ||    10
 Stab: Petrified         |       |       |       |       |     7 |     3 |       |       |       ||    10
       Distracted        |       |       |       |       |     1 |     1 |       |       |       ||     2
       Confused          |       |       |       |       |     1 |     1 |       |       |       ||     2
       Petrifying        |       |       |       |       |       |     1 |       |       |       ||     1
Armor: Scale mail        |    52 |    22 |       |       |       |       |       |       |       ||    74
       Chain mail        |       |    64 |    37 |       |       |       |       |       |       ||   101
       Plate armour      |       |       |   136 |   430 |   543 |   614 |   190 |   211 |   352 ||  2476
       Skin              |       |       |       |       |       |       |       |       |     2 ||     2
Dodge: Dodged            |    29 |    49 |    60 |   168 |   198 |   180 |    74 |    84 |   140 ||   982
Block: Kite shield       |    59 |   105 |   202 |   454 |   695 |    59 |       |       |       ||  1574
       Reflection        |       |       |       |       |     5 |    23 |    97 |   106 |    35 ||   266
       Tower shield      |       |       |       |       |       |  1388 |   880 |  1183 |  1593 ||  5044
